 Dungeon Crawl Stone Soup version 0.31.0-11-ge490571c62 (webtiles) character file.

Game seed: 6115463698771714279

1487 qw the Nimble (level 8, -1/40 HPs)
             Began as a Spriggan Hunter on Feb 5, 2024.
             Was a Follower of Okawaru.
             Killed by divine providence
             ... invoked by an orc priest
              (13 damage)
             ... on level 7 of the Dungeon.
             The game lasted 00:00:23 (5738 turns).

qw the Nimble (Spriggan Hunter)                     Turns: 5738, Time: 00:00:24

Health: -1/40      AC:  2    Str:  7    XL:     8   Next: 50%
Magic:  9/9        EV: 27    Int: 11    God:    Okawaru [*.....]
Gold:   1209       SH:  0    Dex: 26    Spells: 7/7 levels left

rFire   . . .        a - +1 shortbow (flame)
rCold   . . .        (shield currently unavailable)
rNeg    . . .        c - +0 robe
rPois   .            (helmet restricted)
rElec   .            (no cloak)
rCorr   +            (gloves unavailable)
SInv    +            (boots unavailable)
Will    +....        (no amulet)
Stlth   ++           d - +6 ring of dexterity
HPRegen 0.26/turn    j - ring of resist corrosion
MPRegen 0.11/turn

%: no passive effects
@: very quick
A: very small, no large weapons, unfitting armour, see invisible, speed 3
a: Renounce Religion, Heroism


You were on level 7 of the Dungeon.
You worshipped Okawaru.
Okawaru was aware of your devotion.
You visited 2 branches of the dungeon, and saw 8 of its levels.

You collected 1209 gold pieces.


Innate Abilities, Weirdness & Mutations

You are very small and have problems with some larger weapons.
You are too small for most types of armour.
You have supernaturally acute eyesight. (SInv)
You cover ground extremely quickly. (Speed+++)


   Skills:
 - Level 3.0 Fighting
 + Level 8.8 Ranged Weapons
 - Level 9.0 Dodging
 - Level 1.5 Stealth
 + Level 0.0 Invocations


You had 7 spell levels left.
You didn't know any spells.
Your spell library was empty.

Inventory:

Hand Weapons
 a - a +1 shortbow of flaming (weapon)
Armour
 c - a +0 robe (worn)
Jewellery
 d - a +6 ring of dexterity (left hand)
 j - a ring of resist corrosion (right hand)
Wands
 b - a wand of roots (8)
Scrolls
 h - a scroll of teleportation
Potions
 e - a potion of resistance
 f - a potion of curing
 g - 3 potions of heal wounds
 i - a potion of attraction {unknown}
 k - a potion of degeneration {unknown}
 l - a potion of haste {unknown}
 m - a potion of invisibility {unknown}

Dungeon Overview and Level Annotations

Branches:
Dungeon (7/15)             Temple (1/1) D:6

Altars:
Ashenzari
Cheibriados
Dithmenos
Elyvilon
Fedhas
Hepliaklqana
Makhleb
Nemelex Xobeh
Okawaru
Ru
Trog
Uskayaw
Vehumet
Wu Jian
Xom
Zin


Message History

An orc priest comes into view. It is wielding a +0 hand axe.
5729 ||| FLEEEEING.
A killer bee comes into view.
The killer bee buzzes angrily.
5730 ||| FLEEEEING.
You shoot an arrow. The arrow hits the killer bee!
The arrow burns the killer bee.
The killer bee is almost dead.
A killer bee comes into view.
The killer bee moves out of view.
Enter note:
Enter note:
5732 ||| RETREEEEATING.
An orc comes into view. It is wielding a +0 trident.
You shoot an arrow. The arrow hits the killer bee.
The arrow burns the killer bee.
You kill the killer bee!
Okawaru accepts your kill.
You can now gain great but temporary skills.
You shoot an arrow. The arrow hits the orc priest.
The arrow burns the orc priest.
The orc priest shouts!
The orc priest is lightly wounded.
You hear a shout! x2
An orc priest comes into view. It is wielding a +0 hand axe.
You hear a shout! x2
You shoot an arrow. The orc priest shouts!
The arrow hits the orc priest!
The arrow burns the orc priest.
The orc priest is almost dead.
The orc priest invokes the aid of Beogh against you.
Beogh smites you!
The orc priest invokes the aid of Beogh against you.
Beogh smites you!
5736 ||| FLEEEEING.
5737 ||| FLEEEEING.
5738 ||| FLEEEEING.
The orc priest invokes the aid of Beogh against you.
Beogh smites you!
You die...

#[.####.........##.#.....##
#.#####.##
#.......###.##.##.#
#.......# ##.y)..## #.##.#
.# ######.## ##...## #.....
.# #.# ##'## ####.## #.#
#.# .# #.# #.# ..
#####.#### ##.## #........#
##@..#####.. #.###.##.###
#....%...... #.# #......#
##...####... #.# ####.#.#
#..## #.# #.#.####..#
#.######.#.<.....#
#........#######.#
########## #o# #.#


You could see an orc priest.

Vanquished Creatures
  Eustachio (D:4)
  2 black bears
  A sky beast (D:7)
  A centaur (D:6)
  A kobold brigand (D:6)
  Blork the orc (D:5)
  5 scorpions
  A killer bee (D:7)
  A hound (D:5)
  2 jellies
  2 orc priests
  Ijyb (D:4)
  An iguana (D:4)
  3 orc wizards (D:5)
  6 gnolls (D:3)
  2 adders
  A shadow imp (D:6)
  2 white imps (D:6)
  4 ufetubi
  5 dart slugs
  A ribbon worm (D:2)
  13 orcs
  5 bats
  6 endoplasms
  5 giant cockroaches
  3 goblins
  10 hobgoblins
  6 jackals
  5 quokkas
  3 ball pythons
  2 frilled lizards
  19 kobolds
  6 rats
127 creatures vanquished.

Notes
Turn   | Place    | Note
-------+----------+-------------------------------------------
     0 | D:1      | qw the Spriggan Hunter began the quest for the Orb.
     0 | D:1      | Reached XP level 1. HP: 10/10 MP: 2/2
     0 | D:1      | 0 ||| qw: Version: 0.3-a-160-g6735b56
     0 | D:1      | 0 ||| qw: Game counter: 6154
     0 | D:1      | 0 ||| qw: Melee chars always use a shield: true
     0 | D:1      | 0 ||| qw: God list: Okawaru
     0 | D:1      | 0 ||| qw: Allow faded altars: false
     0 | D:1      | 0 ||| qw: Do Orc after clearing Dungeon:15 true
     0 | D:1      | 0 ||| qw: Do second Lair branch before Depths: true
     0 | D:1      | 0 ||| qw: Lair rune preference: random
     0 | D:1      | 0 ||| qw: Goals: Normal
     0 | D:1      | 0 ||| PLANNING D:1-11
    60 | D:1      | Reached skill level 3 in Dodging
   117 | D:1      | Reached XP level 2. HP: 14/14 MP: 3/3
   170 | D:1      | Reached skill level 4 in Dodging
   427 | D:1      | Reached XP level 3. HP: 18/18 MP: 4/4
   596 | D:1      | 596 ||| READING scroll labelled KUSSUANI XYITU.
   597 | D:1      | 597 ||| DROPPING scroll of butterflies.
  1079 | D:2      | 1079 ||| READING scroll labelled VOMEIR HAST.
  1079 | D:2      | 1079 ||| BRANDING +0 shortbow.
  1080 | D:2      | 1080 ||| READING scroll labelled YCI LADINY.
  1084 | D:2      | 1084 ||| READING scroll labelled VAWNOIQUAQE.
  1084 | D:2      | 1084 ||| IDENTIFYING fizzy golden potion
  1085 | D:2      | 1085 ||| READING scroll labelled DUALICLEGG.
  1186 | D:2      | 1186 ||| DRINKING 3 cyan potions.
  1317 | D:3      | Reached XP level 4. HP: 22/22 MP: 5/5
  1332 | D:3      | Reached skill level 5 in Dodging
  1389 | D:3      | Found a shimmering altar of Xom.
  1477 | D:3      | Reached XP level 5. HP: 17/26 MP: 6/6
  2169 | D:3      | 2169 ||| UPGRADING to +6 ring of dexterity.
  2170 | D:3      | 2170 ||| UPGRADING to ring of resist corrosion.
  2171 | D:3      | 2171 ||| READING 4 scrolls of identify.
  2171 | D:3      | 2171 ||| IDENTIFYING green potion
  2172 | D:3      | 2172 ||| READING 3 scrolls of identify.
  2172 | D:3      | 2172 ||| IDENTIFYING inky potion
  2173 | D:3      | 2173 ||| READING 2 scrolls of identify.
  2173 | D:3      | 2173 ||| IDENTIFYING scroll labelled CAIMUVAC COEL
  2174 | D:3      | 2174 ||| READING scroll of identify.
  2174 | D:3      | 2174 ||| IDENTIFYING scroll labelled AXYAZO GIRATOEW
  2175 | D:3      | 2175 ||| READING scroll labelled SUTULI XOET.
  2175 | D:3      | 2175 ||| ENCHANTING +0 shortbow of draining.
  2176 | D:3      | 2176 ||| READING scroll labelled JOHAMY MELI.
  2176 | D:3      | Identified a scroll of acquirement
  2176 | D:3      | 2176 ||| ACQUIRING 691 gold pieces
  2176 | D:3      | Acquired 691 gold pieces
  2178 | D:3      | 2178 ||| DROPPING potion of lignification.
  2179 | D:3      | 2179 ||| DROPPING scroll of immolation.
  2180 | D:3      | 2180 ||| DROPPING scroll of fear.
  2202 | D:4      | Noticed Ijyb
  2204 | D:4      | Killed Ijyb
  2283 | D:4      | Found a shadowy altar of Dithmenos.
  2333 | D:4      | Reached skill level 6 in Dodging
  2828 | D:4      | Reached XP level 6. HP: 30/30 MP: 7/7
  3040 | D:4      | 3040 ||| READING scroll of brand weapon.
  3040 | D:4      | 3040 ||| BRANDING +1 shortbow of draining.
  3066 | D:4      | Noticed Eustachio
  3067 | D:4      | 3067 ||| ZAPPING wand of mindburst (13) at -3,5 (Eustachio;
                  | floor).
  3069 | D:4      | 3069 ||| ZAPPING wand of mindburst (12) at -2,3 (Eustachio;
                  | floor).
  3070 | D:4      | 3070 ||| ZAPPING wand of mindburst (11) at -2,2 (Eustachio;
                  | floor).
  3071 | D:4      | 3071 ||| ZAPPING wand of mindburst (10) at -1,1 (Eustachio;
                  | floor).
  3071 | D:4      | Killed Eustachio
  3072 | D:4      | Reached skill level 6 in Ranged Weapons
  3308 | D:4      | 3308 ||| READING scroll labelled CODORU TEMAPLE.
  3363 | D:4      | 3363 ||| DRINKING 2 silvery potions.
  3364 | D:4      | 3364 ||| FLEEEEING.
  3365 | D:4      | 3365 ||| FLEEEEING.
  3366 | D:4      | 3366 ||| FLEEEEING.
  3367 | D:4      | 3367 ||| FLEEEEING.
  3368 | D:4      | 3368 ||| FLEEEEING.
  3369 | D:4      | 3369 ||| FLEEEEING.
  3370 | D:4      | 3370 ||| FLEEEEING.
  3371 | D:4      | 3371 ||| FLEEEEING.
  3372 | D:4      | 3372 ||| FLEEEEING.
  3373 | D:4      | 3373 ||| FLEEEEING.
  3374 | D:4      | 3374 ||| FLEEEEING.
  3375 | D:4      | 3375 ||| FLEEEEING.
  3376 | D:4      | 3376 ||| FLEEEEING.
  3377 | D:4      | 3377 ||| FLEEEEING.
  3378 | D:4      | 3378 ||| FLEEEEING.
  3379 | D:4      | 3379 ||| FLEEEEING.
  3380 | D:4      | 3380 ||| FLEEEEING.
  3381 | D:4      | 3381 ||| FLEEEEING.
  3382 | D:4      | 3382 ||| FLEEEEING.
  3383 | D:4      | 3383 ||| FLEEEEING.
  3384 | D:4      | 3384 ||| FLEEEEING.
  3385 | D:4      | 3385 ||| FLEEEEING.
  3386 | D:4      | 3386 ||| FLEEEEING.
  3387 | D:4      | 3387 ||| FLEEEEING.
  3388 | D:4      | 3388 ||| FLEEEEING.
  3389 | D:4      | 3389 ||| FLEEEEING.
  3390 | D:4      | 3390 ||| FLEEEEING.
  3391 | D:4      | 3391 ||| FLEEEEING.
  3392 | D:4      | 3392 ||| FLEEEEING.
  3393 | D:4      | 3393 ||| FLEEEEING.
  3394 | D:4      | 3394 ||| FLEEEEING.
  3395 | D:4      | 3395 ||| FLEEEEING.
  3396 | D:4      | 3396 ||| FLEEEEING.
  3397 | D:4      | 3397 ||| FLEEEEING.
  3398 | D:4      | 3398 ||| STAIRDANCE
  3400 | D:3      | 3400 ||| FLEEEEING.
  3401 | D:3      | 3401 ||| FLEEEEING.
  3402 | D:3      | 3402 ||| FLEEEEING.
  3403 | D:3      | 3403 ||| FLEEEEING.
  3404 | D:3      | 3404 ||| FLEEEEING.
  3405 | D:3      | 3405 ||| FLEEEEING.
  3406 | D:3      | 3406 ||| FLEEEEING.
  3407 | D:3      | 3407 ||| FLEEEEING.
  3408 | D:3      | 3408 ||| FLEEEEING.
  3409 | D:3      | 3409 ||| FLEEEEING.
  3410 | D:3      | 3410 ||| FLEEEEING.
  3411 | D:3      | 3411 ||| FLEEEEING.
  3412 | D:3      | 3412 ||| FLEEEEING.
  3413 | D:3      | 3413 ||| FLEEEEING.
  3414 | D:3      | 3414 ||| DROPPING potion of berserk rage.
  3447 | D:5      | Entered Level 5 of the Dungeon
  3552 | D:5      | Reached XP level 7. HP: 35/35 MP: 8/8
  3745 | D:5      | Reached skill level 7 in Dodging
  4143 | D:5      | Noticed Blork the orc
  4148 | D:5      | 4148 ||| ZAPPING wand of mindburst (9) at -4,-2 (Blork the
                  | orc; floor).
  4149 | D:5      | 4149 ||| ZAPPING wand of mindburst (8) at -2,0 (Blork the
                  | orc; floor).
  4150 | D:5      | 4150 ||| ZAPPING wand of mindburst (7) at -1,0 (Blork the
                  | orc; floor).
  4151 | D:5      | 4151 ||| ZAPPING wand of mindburst (6) at -1,0 (Blork the
                  | orc; floor).
  4152 | D:5      | 4152 ||| ZAPPING wand of mindburst (5) at -1,0 (Blork the
                  | orc; floor).
  4153 | D:5      | 4153 ||| ZAPPING wand of mindburst (4) at -1,0 (Blork the
                  | orc; floor).
  4154 | D:5      | 4154 ||| ZAPPING wand of mindburst (3) at -1,0 (Blork the
                  | orc; floor).
  4155 | D:5      | 4155 ||| ZAPPING wand of mindburst (2) at -1,0 (Blork the
                  | orc; floor).
  4155 | D:5      | Killed Blork the orc
  4268 | D:5      | Reached skill level 8 in Dodging
  4633 | D:5      | 4633 ||| ZAPPING wand of mindburst (1) at -2,1 (black bear;
                  | floor).
  4634 | D:5      | Reached skill level 9 in Dodging
  4713 | D:5      | 4713 ||| READING scroll of identify.
  4713 | D:5      | 4713 ||| IDENTIFYING golden potion
  4714 | D:5      | 4714 ||| READING scroll labelled TUMUWN JEPHOI.
  4715 | D:5      | 4715 ||| DROPPING potion of ambrosia.
  4717 | D:5      | 4717 ||| Stepping ~*~*~tactically~*~*~ (cloud).
  4888 | D:6      | Reached XP level 8. HP: 39/39 MP: 9/9
  4908 | D:6      | 4908 ||| FLEEEEING.
  4909 | D:6      | 4909 ||| FLEEEEING.
  4910 | D:6      | 4910 ||| FLEEEEING.
  4911 | D:6      | 4911 ||| FLEEEEING.
  4913 | D:6      | 4913 ||| FLEEEEING.
  4914 | D:6      | 4914 ||| FLEEEEING.
  5134 | D:6      | Found a staircase to the Ecumenical Temple.
  5135 | D:6      | 5135 ||| PLANNING TEMPLE
  5140 | Temple   | Entered the Ecumenical Temple
  5141 | Temple   | 5141 ||| PLANNING OKAWARU WORSHIP
  5156 | Temple   | Became a worshipper of Warmaster Okawaru
  5157 | Temple   | 5157 ||| PLANNING D:1-11
  5409 | D:6      | Reached skill level 3 in Fighting
  5477 | D:6      | Found a hazy altar of Hepliaklqana.
  5554 | D:6      | 5554 ||| READING scroll labelled UXAHES GATO.
  5555 | D:6      | 5555 ||| READING scroll labelled WOSOHOTSUCRO.
  5728 | D:7      | 5728 ||| FLEEEEING.
  5729 | D:7      | 5729 ||| FLEEEEING.
  5730 | D:7      | 5730 ||| FLEEEEING.
  5732 | D:7      | 5732 ||| RETREEEEATING.
  5733 | D:7      | Reached * piety under Okawaru
  5736 | D:7      | 5736 ||| FLEEEEING.
  5737 | D:7      | 5737 ||| FLEEEEING.
  5738 | D:7      | 5738 ||| FLEEEEING.
  5738 | D:7      | Killed from afar by an orc priest

Levels and vault maps discovered:
D:1:      lightli_arrival_isolated_outpost, layout_loops_cross
D:2:      layout_basic
D:3:      layout_basic, mainiacjoe_overflow_alcove_2, minmay_hedge_maze,
          due_unseen_surprise
D:4:      layout_layer_cave, marbit_many_paths, uniq_ijyb, uniq_eustachio
D:5:      layout_layer_cave, kennysheep_windowed_goal, uniq_blork_the_orc
D:6:      layout_basic, nicolae_hepliaklqana_hazy_memory,
          minmay_temple_entry_hall
D:7:      layout_loops_corners, reono_crystal_passage,
          small_statue_intersection, minmay_holes, uniq_menkaure
Temple:   nicolae_temple_bog_church

Skill      XL: |  1  2  3  4  5  6  7  8 |
---------------+-------------------------+-----
Dodging        | 3 4 5 6 9 |  9.0
Ranged Weapons | 5 6 7 8 |  8.8
Fighting       | 2 3 |  3.0
Stealth        | |  1.5

Action                     |  1- 3 |  4- 6 |  7- 9 || total
---------------------------+-------+-------+-------++-------
   Fire: Shortbow          |   135 |   121 |   108 ||   364
  Evoke: Wand              |       |     4 |     9 ||    13
    Use: Scroll            |     5 |     8 |     4 ||    17
         Potion            |     1 |     1 |       ||     2
 Armour: Robe              |    13 |     4 |    10 ||    27
  Dodge: Dodged            |    66 |    24 |    34 ||   124

Table legend:
 A = Non-vault XP
 B = Vault XP
 C = Vault XP percentage of total XP
 D = Non-vault monster count
 E = Vault monster count
 F = Vault count percentage of total count
                 A         B        C        D         E       F
            +---------+---------+-------+---------+---------+-------
      Total |    1668 |     457 |  21.5 |     122 |       5 |   3.9
            +---------+---------+-------+---------+---------+-------
        D:1 |      48 |       0 |   0.0 |      28 |       0 |   0.0
        D:2 |      47 |       0 |   0.0 |      18 |       0 |   0.0
        D:3 |     122 |       0 |   0.0 |      19 |       0 |   0.0
        D:4 |     172 |     236 |  57.8 |      22 |       3 |  12.0
        D:5 |     454 |     221 |  32.7 |      13 |       2 |  13.3
        D:6 |     621 |       0 |   0.0 |      18 |       0 |   0.0
        D:7 |     204 |       0 |   0.0 |       4 |       0 |   0.0
            +---------+---------+-------+---------+---------+-------
